 Dungeon Crawl Stone Soup version 0.20-a0-991-g93344ec (webtiles) character file.

12 Ordine the Insei (level 2, -16/18 HPs)
             Began as an Octopode Transmuter on Apr 11, 2017.
             Engulfed by a cloud of flame (22 damage)
             ... on level 1 of the Dungeon.
             The game lasted 00:01:26 (724 turns).

Ordine the Insei (Octopode Transmuter)               Turns: 724, Time: 00:01:27

Health: -16/18     AC:  1    Str:  9    XL:     2   Next: 33%
Magic:  5/5        EV: 13    Int: 15    God:
Gold:   20         SH:  0    Dex: 12    Spells: 4/5 levels left

rFire    . . .     SeeInvis .     - Unarmed
rCold    . . .     Gourm    .   (no shield)
rNeg     . . .     Faith    .   (helmet restricted)
rPois    .         Spirit   .   (no amulet)
rElec    .         Reflect  .   e - ring of loudness (curse)
rCorr    .         Harm     .   (no ring)
MR       .....                  (no ring)
Stlth    ++........             (no ring)
Regen    0.1/turn               (no ring)
MPRegen  0.1/turn               (no ring)
                                (no ring)
                                (no ring)

@: no status effects
A: almost no armour, stealthy swim, amphibious, 8 rings, constrict 8, camouflage
1, gelatinous body 1
a: no special abilities


You were on level 1 of the Dungeon.
You were not hungry.

You visited 1 branch of the dungeon, and saw 1 of its levels.

You collected 20 gold pieces.

Inventory:

Jewellery
 e - a cursed ring of loudness (left tentacle)
Potions
 f - a potion of heal wounds {unknown}
 g - a potion of brilliance {unknown}
Books
 b - a book of Changes

   Spells                             Type                      Level
   a - Beastly Appendage              Transmutation                1
   b - Sticks to Snakes               Transmutation                2
   c - Spider Form                    Transmutation/Poison         3
   d - Ice Form                       Ice/Transmutation            4
   e - Blade Hands                    Transmutation                5
Comestibles
 a - 3 chunks of flesh
 c - a bread ration
 d - a meat ration


   Skills:
 - Level 1.0 Fighting
 - Level 2.0 Dodging
 + Level 1.5 Stealth
 + Level 3.1 Unarmed Combat
 * Level 2.2 Spellcasting
 + Level 2.2 Transmutations


You had 4 spell levels left.
You knew the following spells:

 Your Spells              Type           Power        Failure   Level  Hunger
a - Beastly Appendage     Tmut           #.....       12%         1    #......


Dungeon Overview and Level Annotations

Branches:
Dungeon (1/15)

Altars:


Innate Abilities, Weirdness & Mutations

You cannot wear most types of armour.
You are very stealthy in the water. (Stealth+)
You are amphibious.
You can wear up to eight rings at the same time.
You can use your tentacles to constrict eight enemies at once.
Your skin changes colour to match your surroundings (Stealth+).
Your rubbery body absorbs attacks. (AC +1, EV +1)


Message History

You kill the rat!
No target in view!
There is a stone staircase leading down here.
h - a scroll labeled SOITHOUTTO A rat comes into view.
As you read the scroll labeled SOITHOUTTO, it crumbles to dust.
The creatures around you are filled with an inner flame!
It was a scroll of immolation.
You barely miss the rat. You grab the rat.
You squeeze the rat, but do no damage. You constrict the rat.
You barely miss the rat.
The rat is moderately wounded.
You constrict the rat. The rat barely misses you.
You tentacle-slap the rat.
The rat explodes!
The fiery explosion engulfs you!
Ouch! That really hurt!
You are engulfed in blazing flames.
Ouch! That really hurt!
You die...

#. #.# .. #. #.# ..# #. #.# #.#
#.# #.# #.# #.##.# #.# #.##.#
######### #.#
###.##.####§.§..... #.#
#.........#@# #.# #.#.##.##.#.#
#.# ##.#.##.##.#.## #.#
#.###.......##....###########.#
#...........##................#
#####..#.##.###...#############
#####..#.##.# ##.##
.......#.##.# #.# #####.##.##.#
#.#


There were no monsters in sight!

Vanquished Creatures
  A dart slug (D:1)
  A hobgoblin (D:1)
  A bat (D:1)
  A frilled lizard (D:1)
  2 kobolds (D:1)
  8 rats (D:1)
14 creatures vanquished.

Notes
Turn   | Place    | Note
-------+----------+-------------------------------------------
     0 | D:1      | Ordine the Octopode Transmuter began the quest for the Orb.
     0 | D:1      | Reached XP level 1. HP: 13/13 MP: 3/3
   369 | D:1      | Reached XP level 2. HP: 7/18 MP: 5/5
   564 | D:1      | Reached skill level 1 in Stealth
   724 | D:1      | Engulfed by a cloud of flame

Vault maps used:
D:1:      erik_arrival_blinker_ship, roderic_filled_cross

Skill      XL: |  1  2 |
---------------+-------+-----
Stealth        | 1 |  1.5
Fighting       | |  1.0
Dodging        | |  2.0
Unarmed Combat | |  3.1
Spellcasting   | |  2.2
Transmutations | |  2.2

Action                   || total
-------------------------++-------
Melee: Unarmed           ||    28
       Constrict         ||    10
       Tentacles         ||     7
  Use: Scroll            ||     1
 Stab: Sleeping          ||     2
Dodge: Dodged            ||    10
